AoeStats
← 只会打步弓

African Clearing

510321983Analyzed
4v4 RM · 20h ago on Sep 30, 2026· 37m 14s· 8 players
Game mode
Random Map
Map size
Large (8 player)
Population
200
Speed
Normal
Resources
Standard
Victory
Conquest
Starting age
Dark Age
Ending age
Imperial Age
RankedLock teamsTeams togetherTeam positionsShared explorationLock speedFull tech treeHidden civsTurbo modeCheats
Victory
Defeat
🇨🇳 Varangians · China
1676
+17
🇨🇳 Huns · China
1663
+18
🇨🇳 Magyars · China
1654
+18
🇨🇳 Magyars · China
1646
+18
🇨🇳 Mongols · China
1744
-20
🇦🇷 Chinese · Argentina
1741
-19
🇨🇳 Magyars · China
1741
-20
🇳🇱 Persians · Netherlands
1564
-12
LUCKY
6:01 Loom
11:56 Feudal Age
13:43 Double-Bit Axe
17:06 Castle Age
16:26 Horse Collar
18:08 Bow Saw
19:02 Heavy Plow
22:28 Stone Mining
24:15 Wheelbarrow
24:11 Town Watch
24:23 Fletching
24:37 Gold Mining
27:00 Hand Cart
28:51 Gold Shaft Mining
31:28 Marauders
34:52 Imperial Age
35:41 Scale Barding Armor
35:47 Forging
36:12 Coinage
36:10 Bloodlines
36:00 Husbandry
35:21 Light Cavalry
37:28 Chain Barding Armor
LY006
8:58 Loom
11:01 Feudal Age
12:07 Double-Bit Axe
12:52 Horse Collar
17:47 Wheelbarrow
20:37 Castle Age
20:20 Scale Barding Armor
21:01 Bloodlines
21:40 Bow Saw
23:20 Gold Mining
24:58 Chain Barding Armor
27:36 Husbandry
37:24 Hand Cart
39:41 Imperial Age
37:57 Forging
只会打步弓
8:36 Loom
11:08 Feudal Age
11:38 Double-Bit Axe
15:11 Scale Barding Armor
21:55 Castle Age
20:04 Gold Mining
21:38 Fletching
22:09 Padded Archer Armor
22:47 Bloodlines
23:34 Bodkin Arrow
28:38 Ballistics
30:31 Leather Archer Armor
32:54 Husbandry
33:41 Horse Collar
35:39 Wheelbarrow
37:09 Thumb Ring
小胖子
10:03 Loom
12:29 Feudal Age
14:13 Fletching
15:11 Padded Archer Armor
18:57 Double-Bit Axe
33:05 Castle Age
31:09 Horse Collar
Wolfie
9:43 Loom
12:20 Feudal Age
16:58 Scale Mail Armor
21:56 Castle Age
20:45 Horse Collar
20:50 Double-Bit Axe
26:55 Town Watch
27:32 Bow Saw
27:59 Fletching
28:53 Elite Skirmisher
29:19 Elite Skirmisher
33:05 Heavy Plow
33:17 Gold Mining
tim.13
8:25 Loom
12:34 Feudal Age
16:11 Castle Age
14:02 Double-Bit Axe
17:05 Wheelbarrow
16:37 Stone Mining
21:06 Fletching
23:40 Horse Collar
24:47 Bodkin Arrow
25:31 Ballistics
35:56 Imperial Age
33:26 Gold Mining
34:22 Bloodlines
35:34 Gold Shaft Mining
35:32 Husbandry
35:34 Padded Archer Armor
36:13 Thumb Ring
37:04 Conscription
36:48 Bracer
37:51 Leather Archer Armor
顾慎为
13:23 Feudal Age
12:23 Loom
17:07 Castle Age
16:58 Loom
17:19 Double-Bit Axe
33:53 Bow Saw
Franco Guanajuato
2:55 Loom
10:33 Feudal Age
11:02 Double-Bit Axe
28:13 Castle Age
Connection lost

Rejoining the realm…

Still unreachable

The connection could not be restored.

Session expired

The server has moved on; the page needs a fresh start.